 Dungeon Crawl Stone Soup version 0.29-a0-284-gf9362112df (webtiles) character file.

Game seed: 10739858363779373801

88 Dabor the Chucker (level 4, -6/32 HPs)
             Began as a Gnoll Wanderer on Mar 14, 2022.
             Mangled by an orc
             ... wielding a +0 flail
              (7 damage)
             ... on level 3 of the Dungeon.
             The game lasted 00:04:21 (3307 turns).

Dabor the Chucker (Gnoll Wanderer)                  Turns: 3307, Time: 00:04:21

Health: -6/32      AC:  7    Str: 11    XL:     4   Next: 54%
Magic:  8/8        EV:  9    Int: 14    God:
Gold:   165        SH:  0    Dex: 11    Spells: 8/9 levels left

rFire   . . .      SeeInvis .   a - +2 dagger
rCold   . . .      Faith    .   (no shield)
rNeg    . . .      Spirit   .   c - +0 scale mail
rPois   .          Reflect  .   (no helmet)
rElec   .          Harm     .   (no cloak)
rCorr   .          Rampage  .   j - +0 pair of gloves
Will    .....                   (no boots)
Stlth   +.........              (no amulet)
HPRegen 0.10/turn               (no ring)
MPRegen 0.11/turn               (no ring)

@: lethally poisoned (-6 -> -18), attractive
A: fangs 1, strong nose, distributed training
a: no special abilities


You were on level 3 of the Dungeon.
You visited 1 branch of the dungeon, and saw 3 of its levels.

You collected 165 gold pieces.

Inventory:

Hand Weapons
 a - a +2 dagger (weapon)
Missiles
 b - a curare-tipped dart
 h - 6 boomerangs (quivered)
Armour
 c - a +0 scale mail (worn)
 j - a +0 pair of gloves (worn)
Scrolls
 d - a scroll of silence
 f - a scroll of vulnerability
 g - a scroll of identify
 k - a scroll of amnesia
Potions
 e - a potion of attraction
 i - a potion of resistance {unknown}


   Skills:
 + Level 1.2 Fighting
 + Level 1.2 Short Blades
 + Level 1.2 Long Blades
 + Level 1.2 Axes
 + Level 1.2 Maces & Flails
 + Level 1.2 Polearms
 + Level 1.2 Staves
 + Level 1.2 Slings
 + Level 1.2 Bows
 + Level 1.2 Crossbows
 + Level 6.6 Throwing
 + Level 2.8 Armour
 + Level 2.8 Dodging
 + Level 2.6 Stealth
 + Level 1.2 Shields
 + Level 1.2 Unarmed Combat
 + Level 3.0 Spellcasting
 + Level 1.0 Conjurations
 + Level 1.0 Hexes
 + Level 1.0 Summonings
 + Level 1.0 Necromancy
 + Level 1.0 Translocations
 + Level 1.0 Transmutations
 + Level 1.0 Fire Magic
 + Level 1.0 Ice Magic
 + Level 1.0 Air Magic
 + Level 1.0 Earth Magic
 + Level 2.2 Poison Magic
 + Level 1.3 Invocations
 + Level 4.6 Evocations


You had 8 spell levels left.
You knew the following spells:

 Your Spells              Type           Power      Damage    Failure   Level
a - Sting                 Tmut/Pois      24%        1d4       52%         1

Your spell library contained the following spells:

 Spells                   Type           Power      Damage    Failure   Level
 Spider Form              Tmut/Pois      6%         N/A       88%         3
 Animate Armour           Summ/Erth      8%         N/A       100%        4
 Blade Hands              Tmut           2%         N/A       100%        5
 Iron Shot                Conj/Erth      2%         9d2       100%        6


Dungeon Overview and Level Annotations

Branches:
Dungeon (3/15)

Altars:


Innate Abilities, Weirdness & Mutations

You have very sharp teeth.
Your uncanny sense of smell can sniff out nearby items.
Your experience applies equally to all skills.


Message History

The kobold hits you with a +0 short sword.
The orc barely misses you.
You closely miss the orc.
The orc is moderately wounded.
The kobold barely misses you. The orc misses you.
You hit the orc but do no damage.
The orc is moderately wounded.
The kobold hits you but does no damage. The orc hits you with a +0 flail.
You are too injured to fight recklessly!
You are too injured to fight recklessly!
You are too injured to fight recklessly!
You are too injured to fight recklessly!
You are too injured to fight recklessly!
You are too injured to fight recklessly!
You are too injured to fight recklessly!
You are too injured to fight recklessly!
You are too injured to fight recklessly!
You are too injured to fight recklessly!
You are too injured to fight recklessly!
You are too injured to fight recklessly!
The orc attacks as you move away! The orc closely misses you.
The kobold attacks as you move away!
The kobold hits you with a +0 short sword.
* * * LOW HITPOINT WARNING * * *
The kobold throws a poisoned dart.
The poisoned dart hits you.
You are poisoned.
* * * LOW HITPOINT WARNING * * *
You feel sick.
It was a potion of attraction.
You feel attractive to monsters.
You feel sick.
The kobold throws a poisoned dart.
The poisoned dart hits you!
You are lethally poisoned!
As you read the scroll labelled LONGOB XAHUQEOZXEU, it crumbles to dust.
Your body is wracked with pain!
* * * LOW HITPOINT WARNING * * *
The orc convulses!
The kobold convulses!
It was a scroll of torment.
* * * LOW HITPOINT WARNING * * *
You feel very sick. The orc hits you with a +0 flail!
You die...

#.........>..#
###............####
#..................
#######.#.............###
#.....................#
...######.P####..###########..#
...........#)(#..# +...+ #..#
########...#..'..# #..[# #..#
#...####.@####.).####..#
#.........o..###)#.P...#
#.........K............#
#..####'##.............#
#..#..'.[#####รท.##+#..##
#..#))#..#...)..# #..#
#..#######...#..# #P.#
#........#####.P####P.#
#.....................#


You could see an orc and a kobold.

Vanquished Creatures
  2 adders (D:2)
  2 worms (D:2)
  2 dart slugs
  3 orcs (D:3)
  3 bats
  3 endoplasms
  2 giant cockroaches
  6 goblins
  5 hobgoblins
  7 jackals (D:2)
  3 quokkas
  3 ball pythons
  6 frilled lizards
  3 kobolds
  5 rats
55 creatures vanquished.

Vanquished Creatures (others)
  9 plants (D:1)
9 creatures vanquished.

Grand Total: 64 creatures vanquished

Notes
Turn   | Place    | Note
-------+----------+-------------------------------------------
     0 | D:1      | Dabor the Gnoll Wanderer began the quest for the Orb.
     0 | D:1      | Dabor set off with the following items: a +2 dagger, a
                  | curare-tipped dart, a +0 scale mail, a scroll of silence;
                  | and the following spell memorised: Sting; and the following
                  | spells available to memorise: Spider Form
     0 | D:1      | Reached XP level 1. HP: 13/13 MP: 4/4
   402 | D:1      | Found a faded altar of an unknown god.
   425 | D:1      | Reached XP level 2. HP: 16/19 MP: 5/5
  1054 | D:2      | Reached XP level 3. HP: 9/25 MP: 7/7
  1398 | D:2      | Reached skill level 1 in Invocations
  1771 | D:2      | Reached skill level 1 in Fighting
  1771 | D:2      | Reached skill level 1 in Short Blades
  1771 | D:2      | Reached skill level 1 in Long Blades
  1771 | D:2      | Reached skill level 1 in Axes
  1771 | D:2      | Reached skill level 1 in Maces & Flails
  1771 | D:2      | Reached skill level 1 in Polearms
  1771 | D:2      | Reached skill level 1 in Staves
  1771 | D:2      | Reached skill level 1 in Slings
  1771 | D:2      | Reached skill level 1 in Bows
  1771 | D:2      | Reached skill level 1 in Crossbows
  1771 | D:2      | Reached skill level 1 in Shields
  1771 | D:2      | Reached skill level 1 in Unarmed Combat
  1887 | D:2      | Reached XP level 4. HP: 32/32 MP: 8/8
  3295 | D:3      | Reached skill level 1 in Conjurations
  3295 | D:3      | Reached skill level 1 in Hexes
  3295 | D:3      | Reached skill level 1 in Summonings
  3295 | D:3      | Reached skill level 1 in Necromancy
  3295 | D:3      | Reached skill level 1 in Translocations
  3295 | D:3      | Reached skill level 1 in Transmutations
  3295 | D:3      | Reached skill level 1 in Fire Magic
  3295 | D:3      | Reached skill level 1 in Ice Magic
  3295 | D:3      | Reached skill level 1 in Air Magic
  3295 | D:3      | Reached skill level 1 in Earth Magic
  3307 | D:3      | HP: 1/32 [poisoned by a kobold]
  3307 | D:3      | Mangled by an orc

Illustrated notes

Levels and vault maps discovered:
D:1:      amcnicky_arrival_choice, layout_basic,
          dilly_ecumenical_altar_fadedgnrine, dreamdust_mushroom_princess
D:2:      layout_basic, wad_floor_pattern_untrapped,
          minmay_misc_feat_nine_boxes, chequers_garden
D:3:      corexii_shack_village, layout_basic, mainiacjoe_overflow_boulevard,
          mrwooster_statue_mirror, corexii_leaking_fountain

Skill      XL: |  1  2  3  4 |
---------------+-------------+-----
Poison Magic   | 2 |  2.2
Invocations    | 1 |  1.3
Fighting       | 1 |  1.2
Short Blades   | 1 |  1.2
Long Blades    | 1 |  1.2
Axes           | 1 |  1.2
Maces & Flails | 1 |  1.2
Polearms       | 1 |  1.2
Staves         | 1 |  1.2
Slings         | 1 |  1.2
Bows           | 1 |  1.2
Crossbows      | 1 |  1.2
Shields        | 1 |  1.2
Unarmed Combat | 1 |  1.2
Spellcasting   | 3 |  3.0
Conjurations   | 1 |  1.0
Hexes          | 1 |  1.0
Summonings     | 1 |  1.0
Necromancy     | 1 |  1.0
Translocations | 1 |  1.0
Transmutations | 1 |  1.0
Fire Magic     | 1 |  1.0
Ice Magic      | 1 |  1.0
Air Magic      | 1 |  1.0
Earth Magic    | 1 |  1.0
Throwing       | |  6.6
Armour         | |  2.8
Dodging        | |  2.8
Stealth        | |  2.6
Evocations     | |  4.6

Action                   |  1- 3 |  4- 6 || total
-------------------------+-------+-------++-------
Melee: Dagger            |   148 |   103 ||   251
       Bite              |     7 |    13 ||    20
       Punch             |     1 |     1 ||     2
Throw: Dart              |     1 |       ||     1
       Boomerang         |     1 |       ||     1
  Use: Potion            |     3 |     1 ||     4
       Scroll            |     2 |     1 ||     3
Armor: Scale mail        |    75 |    42 ||   117
Dodge: Dodged            |    73 |    54 ||   127

Table legend: (Time is in decaauts)
 A = Elapsed time spent in this place.
 B = Non-inter-level travel time spent in this place.
 C = Inter-level travel time spent in this place.
 D = Time resting spent in this place.
 E = Time spent auto-exploring this place.
 F = Levels seen in this place.
 G = Mean time per level.
                   A        B        C        D        E       F      G
               +--------+--------+--------+--------+--------+-----+--------+
         Total |   3297 |   3187 |    110 |    628 |   2019 |   3 | 1099.0 |
       Dungeon |   3297 |   3187 |    110 |    628 |   2019 |   3 | 1099.0 |
               +--------+--------+--------+--------+--------+-----+--------+

Top non-repeatable levels by time:
     D:2: 1909 daAuts
     D:1: 1006 daAuts
     D:3: 380 daAuts
